 Dungeon Crawl Stone Soup version 0.22.1-2-g9c5b331383 (webtiles) character file.

507 Knicklaso the Magician (level 6, -1/47 HPs)
             Began as a Demonspawn Wizard on Nov 25, 2018.
             Slain by a slave (5 damage)
             ... led by Pikel
             ... on level 4 of the Dungeon.
             The game lasted 00:11:05 (4798 turns).

Knicklaso the Magician (Demonspawn Wizard)          Turns: 4798, Time: 00:11:06

Health: -1/47      AC:  4    Str:  7    XL:     6   Next: 97%
Magic:  4/10       EV: 12    Int: 21    God:
Gold:   101        SH:  0    Dex: 12    Spells: 5/11 levels left

rFire    . . .     SeeInvis .   t - +2 short sword (speed)
rCold    . . .     Gourm    .   (no shield)
rNeg     . . .     Faith    .   a - +0 robe
rPois    .         Spirit   .   b - +0 hat
rElec    .         Reflect  .   (no cloak)
rCorr    .         Harm     .   c - +0 pair of gloves
MR       .....                  q - +0 pair of boots
Stlth    ++........             v - amulet of rage
HPRegen  0.15/turn              (no ring)
MPRegen  0.12/turn              (no ring)

@: no status effects
A: talons 2, powered by death 1
a: Evoke Berserk Rage


You were on level 4 of the Dungeon.
You were not hungry.

You visited 1 branch of the dungeon, and saw 4 of its levels.

You collected 101 gold pieces.

Inventory:

Hand Weapons
 t - a +2 short sword of speed (weapon)
Armour
 a - a +0 robe (worn)
 b - a +0 hat (worn)
 c - a +0 pair of gloves (worn)
 p - a +2 large shield
 q - a +0 pair of boots (worn)
Jewellery
 f - an uncursed amulet of guardian spirit
 v - an amulet of rage (around neck)
Wands
 h - a wand of disintegration (8)
Scrolls
 e - a scroll of fog {unknown}
 g - a scroll of teleportation {unknown}
 j - a scroll of amnesia {unknown}
 k - 3 scrolls of remove curse
 m - a scroll of magic mapping {unknown}
Potions
 i - a potion of might {unknown}
 n - a potion of berserk rage {unknown}
 o - a potion of mutation {unknown}
 r - a potion of heal wounds {unknown}
 s - a potion of flight {unknown}
 u - a potion of curing {unknown}
Comestibles
 d - 5 rations


   Skills:
 + Level 3.2 Fighting
 + Level 2.0 Dodging
 - Level 1.7 Stealth
 * Level 0.0 Unarmed Combat
 + Level 3.3 Spellcasting
 - Level 3.0 Conjurations
 - Level 3.0 Summonings
   Level 0.8 Translocations
 - Level 2.0 Air Magic
 - Level 3.2 Poison Magic


You had 5 spell levels left.
You knew the following spells:

 Your Spells              Type           Power        Failure   Level  Hunger
a - Magic Dart            Conj           ###.         3%          1    None
b - Mephitic Cloud        Conj/Pois/Air  ###.....     12%         3    ###....
d - Call Imp              Summ           ###.....     5%          2    ##.....

Your spell library contained the following spells:

 Spells                   Type           Power        Failure   Level  Hunger
 Blink                    Tloc           N/A          14%         2    ##.....
 Slow                     Hex            #.......     21%         2    ##.....
 Conjure Flame            Conj/Fire      #.......     22%         3    ###....


Dungeon Overview and Level Annotations

Branches:
Dungeon (4/15)
 Temple: D:4-7

Altars:
Gozag

Annotations:
D:4 Pikel


Innate Abilities, Weirdness & Mutations

You have razor-sharp toenails.
You regenerate a little health from kills.


Message History

Your white imp gestures at Pikel.
The puff of frost hits Pikel.
Your crimson imp hits the slave.
You closely miss the slave.
The slave closely misses your white imp.
The slave hits you!
* * * LOW HITPOINT WARNING * * *
Your crimson imp blinks!
The puff of frost hits Pikel.
There is an open door here.
Found a stone staircase leading down.
A quokka comes into view.
Found a scroll labeled IRUQAI VAPH.
Your crimson imp completely misses the slave.
The slave hits you but does no damage. The slave hits you.
* * * LOW HITPOINT WARNING * * *
The slave hits you.
* * * LOW HITPOINT WARNING * * *
The slave hits you.
You die...

...##......##......+
...##.............#
..................#
................r>#
5.................#
...........p..5...#
...#####'####...pp#
.5.##..5...##..p..#
............#...@.#
............#.....#
............#.....#
...##.......#.....#
#####.......#.....#
#......##.....#
.#####'####.....#
.................#
.................#


You could see 4 slaves, a quokka and a friendly crimson imp.

Vanquished Creatures
  Grinder (D:4)
  Sigmund (D:3)
  A scorpion (D:4)
  7 adders
  An ooze (D:3)
  A worm (D:2)
  2 dart slugs
  3 leopard geckos
  10 orcs
  2 giant cockroaches
  6 hobgoblins
  3 quokkas
  9 bats
  5 frilled lizards
  7 goblins
  7 kobolds
  7 rats
73 creatures vanquished.

Vanquished Creatures (collateral kills)
  A worm (D:2)
1 creature vanquished.

Grand Total: 74 creatures vanquished

Notes
Turn   | Place    | Note
-------+----------+-------------------------------------------
     0 | D:1      | Knicklaso the Demonspawn Wizard began the quest for the
                  | Orb.
     0 | D:1      | Reached XP level 1. HP: 13/13 MP: 4/4
   654 | D:1      | Gained mutation: You regenerate a little health from kills.
                  | [demonic ancestry]
   654 | D:1      | Reached XP level 2. HP: 19/20 MP: 0/6
   772 | D:1      | Learned a level 2 spell: Call Imp
  1040 | D:2      | Reached skill level 1 in Fighting
  1141 | D:2      | Gained mutation: You have sharp toenails. [demonic
                  | ancestry]
  1141 | D:2      | Reached XP level 3. HP: 26/26 MP: 1/7
  1336 | D:2      | Learned a level 3 spell: Mephitic Cloud
  1959 | D:2      | Reached XP level 4. HP: 6/33 MP: 0/8
  3509 | D:3      | Reached XP level 5. HP: 39/39 MP: 5/9
  3545 | D:3      | Noticed Sigmund
  3561 | D:3      | Reached skill level 1 in Poison Magic
  3710 | D:3      | Killed Sigmund
  3710 | D:3      | Gained mutation: You have razor-sharp toenails. [demonic
                  | ancestry]
  3710 | D:3      | Reached XP level 6. HP: 31/46 MP: 1/10
  4425 | D:4      | Found an opulent altar of Gozag.
  4483 | D:4      | Noticed Grinder
  4486 | D:4      | Paralysed by Grinder for 6 turns
  4499 | D:4      | Paralysed by Grinder for 6 turns
  4508 | D:4      | Paralysed by Grinder for 3 turns
  4524 | D:4      | Paralysed by Grinder for 4 turns
  4529 | D:4      | Killed Grinder
  4736 | D:4      | Noticed a slave
  4736 | D:4      | Noticed a slave
  4751 | D:4      | Noticed Pikel
  4762 | D:4      | Noticed a slave
  4762 | D:4      | Noticed a slave
  4798 | D:4      | Slain by a slave

Skill      XL: |  1  2  3  4  5  6 |
---------------+-------------------+-----
Fighting       | 1 2 3 |  3.2
Summonings     | 2 3 |  3.0
Poison Magic   | 2 3 |  3.2
Conjurations   | 2 3 |  3.0
Air Magic      | 2 |  2.0
Dodging        | 2 |  2.0
Stealth        | |  1.7
Spellcasting   | |  3.3
Translocations | |  0.8

Action                   |  1- 3 |  4- 6 || total
-------------------------+-------+-------++-------
Melee: Whip              |    43 |    63 ||   106
       Kick              |     4 |    12 ||    16
       Short sword       |       |    27 ||    27
 Cast: Magic Dart        |    83 |    95 ||   178
       Call Imp          |     2 |     9 ||    11
       Mephitic Cloud    |       |     6 ||     6
  Use: Scroll            |       |     1 ||     1
 Stab: Confused          |       |     2 ||     2
  Eat: Chunk             |     3 |     6 ||     9
       Ration            |       |     1 ||     1
Armor: Robe              |     8 |    10 ||    18
Dodge: Dodged            |    28 |    70 ||    98
